[Event "December 12 Early 2023"]
[Site "https://www.chess.com"]
[Date "2023.12.12"]
[Round "8"]
[White "Botea, David-Alexandru"]
[Black "Yashmetov, Mikhail"]
[Result "0-1"]
[Board "120"]
[TimeControl "180+1"]
[WhiteFideId "1263293"]
[BlackFideId "24198900"]
[WhiteElo "2349"]
[BlackElo "2496"]
[WhiteTeam "ROU"]
[BlackTeam "RUS"]
[WhiteClock "0:00:00"]
[BlackClock "0:01:58"]

1. c4 c5 2. Nf3 Nc6 3. g3 g6 4. Bg2 Bg7 5. O-O Nh6 6. Nc3 O-O 7. e4 e5 8. d3 d6 9. Ng5 f6 10. Nh3 Bg4 11. f3 Be6 12. f4 Qd7 13. Nf2 f5 14. Nd5 Nd4 15. Be3 Bxd5 16. cxd5 exf4 17. Bxf4 Rae8 18. Qd2 Nf7 19. Rae1 Ne5 20. Nd1 Qb5 21. Re3 Ng4 22. Ree1 Ne5 23. Re3 fxe4 24. dxe4 g5 25. Nc3 gxf4 26. Nxb5 fxe3 27. Qxe3 Nxb5 28. Rf4 Nd4 29. h4 Bh6 30. Rxf8+ Bxf8 31. Qg5+ Bg7 32. Bh3 Ndf3+ 0-1

[Event "December 12 Early 2023"]
[Site "https://www.chess.com"]
[Date "2023.12.12"]
[Round "8"]
[White "Azali, Tannaz"]
[Black "Silvestre, Christian"]
[Result "0-1"]
[Board "121"]
[TimeControl "180+1"]
[WhiteFideId "12537721"]
[BlackFideId "30956269"]
[WhiteElo "2496"]
[BlackElo "2338"]
[WhiteTeam "IRI"]
[BlackTeam "USA"]
[WhiteClock "0:01:12"]
[BlackClock "0:00:52"]

1. e4 c5 2. Nc3 d6 3. d4 cxd4 4. Qxd4 Nc6 5. Qd2 g6 6. b3 Bg7 7. Bb2 Nf6 8. O-O-O O-O 9. f4 Bg4 10. Nge2 Rc8 11. Kb1 Nb4 12. a3 Nxe4 13. Nxe4 Rxc2 14. Qxc2 Nxc2 15. Kxc2 Bf5 16. Ng3 Qc8+ 17. Kb1 Qe6 18. Nxf5 gxf5 19. Nd2 Bxb2 20. Kxb2 Qf6+ 21. Kb1 Rc8 22. Bc4 e6 23. g4 d5 24. Be2 Rc3 25. Rhg1 Kf8 26. Rg3 Rxg3 27. hxg3 fxg4 28. Rc1 Qd4 29. Rc2 Qg1+ 30. Kb2 Qxg3 31. f5 Qe5+ 0-1

[Event "December 12 Early 2023"]
[Site "https://www.chess.com"]
[Date "2023.12.12"]
[Round "8"]
[White "Shukhman, Anna"]
[Black "Skibbe, Willi"]
[Result "1/2-1/2"]
[Board "122"]
[TimeControl "180+1"]
[WhiteFideId "54180058"]
[BlackFideId "4682190"]
[WhiteElo "2482"]
[BlackElo "2301"]
[WhiteTeam "FID"]
[BlackTeam "GER"]
[WhiteClock "0:00:03"]
[BlackClock "0:00:13"]

1. e4 e6 2. Nf3 d5 3. e5 c5 4. b4 c4 5. c3 a5 6. b5 Qb6 7. Na3 Bc5 8. Qe2 Ne7 9. Rb1 a4 10. Nc2 a3 11. Ncd4 Nf5 12. d3 Nxd4 13. cxd4 Bxd4 14. Nxd4 Qxd4 15. dxc4 dxc4 16. Qxc4 Qxe5+ 17. Be2 O-O 18. Bf4 Qd5 19. O-O Qxc4 20. Bxc4 Nd7 21. Bd6 Re8 22. b6 Nf6 23. Rb3 Bd7 24. Rd1 Bc6 25. Rxa3 Rxa3 26. Bxa3 Bd5 27. Bb5 Ra8 28. Rd3 Bxa2 29. f3 Bd5 30. Kf2 Ra5 31. Rc3 h5 32. Bd3 Bc6 33. Bd6 Nd7 34. Bc7 Ra2+ 35. Kg3 Rb2 36. Ra3 g6 37. Ra8+ Kg7 38. Rd8 Kf6 39. Be4 Nxb6 40. Bxc6 bxc6 41. Rb8 Nc4 42. Bd8+ Kf5 43. Rc8 Ne5 44. f4 Rb3+ 45. Kf2 Ng4+ 46. Ke2 Rc3 47. Bc7 Rc2+ 48. Kd3 Rxg2 49. Bd6 Rxh2 50. Rxc6 Rh3+ 51. Kd4 f6 52. Rc8 e5+ 53. fxe5 fxe5+ 54. Kd5 Rd3+ 55. Kc6 Rc3+ 56. Bc5 Ke4 57. Rg8 g5 58. Rxg5 Nf6 59. Rg6 Kf5 60. Rh6 Ne4 61. Rxh5+ Kg4 62. Rxe5 Kf4 63. Rd5 Nxc5 64. Rxc5 Rxc5+ 65. Kxc5 1/2-1/2

[Event "December 12 Early 2023"]
[Site "https://www.chess.com"]
[Date "2023.12.12"]
[Round "8"]
[White "Kotyk, Michael"]
[Black "NastyaHn"]
[Result "1-0"]
[Board "123"]
[TimeControl "180+1"]
[WhiteFideId "16214501"]
[WhiteElo "2466"]
[BlackElo "2261"]
[WhiteTeam "GER"]
[WhiteClock "0:01:20"]
[BlackClock "0:00:00"]

1. e4 e6 2. d4 d5 3. exd5 exd5 4. Nf3 Bd6 5. Bd3 Nf6 6. Qe2+ Qe7 7. Qxe7+ Kxe7 8. Bg5 Be6 9. Nbd2 Nd7 10. O-O h6 11. Bh4 c5 12. dxc5 Nxc5 13. Nb3 Nxd3 14. cxd3 Bf5 15. Rfe1+ Kd7 16. Rad1 Rhe8 17. Nbd4 Rxe1+ 18. Nxe1 Bg6 19. Bxf6 gxf6 20. Nec2 Rc8 21. g3 a6 22. Kg2 Bc5 23. Rd2 b5 24. Nb3 Bb6 25. Nb4 Kd6 26. Nxa6 Ra8 27. Nb4 Bc5 28. Nxc5 Kxc5 29. a3 Kd6 30. d4 Rc8 31. f3 Rc4 32. Kf2 Rc1 33. h4 h5 34. g4 hxg4 35. fxg4 Rh1 36. h5 Be4 37. Kg3 f5 38. Rh2 Rg1+ 39. Kf2 Rxg4 40. h6 Rg8 41. Ke3 1-0

[Event "December 12 Early 2023"]
[Site "https://www.chess.com"]
[Date "2023.12.12"]
[Round "8"]
[White "Deveci, Huseyin Said"]
[Black "Kiremitciyan, Ari"]
[Result "0-1"]
[Board "124"]
[TimeControl "180+1"]
[WhiteFideId "26322455"]
[BlackFideId "6373445"]
[WhiteElo "2267"]
[BlackElo "2460"]
[WhiteTeam "TUR"]
[BlackTeam "TUR"]
[WhiteClock "0:00:05"]
[BlackClock "0:00:10"]

1. e4 c6 2. d4 d5 3. Nd2 dxe4 4. Nxe4 Bf5 5. Ng3 Bg6 6. h4 h6 7. h5 Bh7 8. Nf3 Nf6 9. Bd3 Bxd3 10. Qxd3 e6 11. Bd2 c5 12. c3 Nc6 13. O-O-O cxd4 14. cxd4 Be7 15. Bc3 O-O 16. Ne4 Qd5 17. Nxf6+ Bxf6 18. Rh3 b5 19. Rg3 b4 20. Bd2 Qxa2 21. Bxh6 Rac8 22. Kd2 Qxb2+ 23. Ke1 Kh8 24. Bg5 Qc3+ 25. Qxc3 bxc3 26. Bxf6 gxf6 27. Rc1 Nb4 28. Ke2 a5 29. Ne1 Nd5 30. Nd3 a4 31. Ra1 Ra8 32. Ra3 Rfb8 33. Nc5 Rb2+ 34. Kd3 Rd2+ 35. Kc4 Rxf2 36. Rf3 Rxf3 37. gxf3 c2 38. Ra1 a3 39. Kd3 Nb4+ 40. Kc3 a2 41. Kxb4 Rb8+ 42. Kc3 Rb1 43. Kxc2 Rxa1 44. Kb2 Rf1 45. Kxa2 Rxf3 46. Kb2 Rh3 47. Nd7 Kg7 48. h6+ Rxh6 49. Kc3 Rh3+ 50. Kc4 f5 51. d5 Rh4+ 52. Kc5 exd5 53. Kxd5 Re4 54. Nc5 Re8 55. Nd3 Kf6 0-1

[Event "December 12 Early 2023"]
[Site "https://www.chess.com"]
[Date "2023.12.12"]
[Round "8"]
[White "Vanek, Tomas"]
[Black "Mestnikov, Aisen"]
[Result "0-1"]
[Board "125"]
[TimeControl "180+1"]
[WhiteFideId "313459"]
[BlackFideId "34130117"]
[WhiteElo "2235"]
[BlackElo "2457"]
[WhiteTeam "CZE"]
[BlackTeam "RUS"]
[WhiteClock "0:00:27"]
[BlackClock "0:00:12"]

1. e4 e5 2. Nf3 Nc6 3. c3 Nf6 4. Qc2 Bc5 5. b4 Bb6 6. b5 Ne7 7. Nxe5 O-O 8. d4 d5 9. exd5 Nexd5 10. Bc4 Nxc3 11. Qxc3 Bxd4 12. Bxf7+ Rxf7 13. Qd3 Be6 14. Nxf7 Bxf7 15. Nc3 Bxf2+ 16. Kd2 Qe7 17. Nd5 Nxd5 18. Bb2 Be3+ 19. Kd1 Bh5+ 20. Ke1 Bd4+ 21. Kf1 Rf8+ 22. Qf3 Bxf3 23. gxf3 Rxf3+ 24. Kg2 Qe2# 0-1

[Event "December 12 Early 2023"]
[Site "https://www.chess.com"]
[Date "2023.12.12"]
[Round "8"]
[White "Sailer, Mike"]
[Black "YurasovMat-2012"]
[Result "0-1"]
[Board "126"]
[TimeControl "180+1"]
[WhiteFideId "2012901"]
[WhiteElo "2074"]
[BlackElo "2456"]
[WhiteTeam "USA"]
[WhiteClock "0:00:21"]
[BlackClock "0:02:09"]

1. d4 d5 2. Bg5 c6 3. Nf3 Nf6 4. e3 g6 5. Bxf6 exf6 6. c4 Bg7 7. cxd5 cxd5 8. Nc3 O-O 9. Qb3 Be6 10. Qxb7 Nd7 11. Qb3 Rb8 12. Qc2 Qb6 13. Rb1 Rfc8 14. Bd3 f5 15. O-O Bf8 16. Qe2 Bb4 17. Rfc1 Nf6 18. Na4 Qa5 19. Rxc8+ Rxc8 20. Nc5 Bxc5 21. dxc5 Qxc5 22. Nd4 Ne4 23. g3 Re8 24. h4 Qd6 25. Rc1 Bd7 26. Qc2 Nxg3 27. fxg3 Qxg3+ 28. Kf1 Qh3+ 29. Qg2 Qxe3 30. Rd1 Qxd4 0-1

[Event "December 12 Early 2023"]
[Site "https://www.chess.com"]
[Date "2023.12.12"]
[Round "8"]
[White "Kotlyar, Kirill"]
[Black "Fernandez Hernandez, Gerardo"]
[Result "1-0"]
[Board "127"]
[TimeControl "180+1"]
[WhiteFideId "24145599"]
[BlackFideId "2207400"]
[WhiteElo "2546"]
[BlackElo "2210"]
[WhiteTeam "RUS"]
[BlackTeam "ESP"]
[WhiteClock "0:00:37"]
[BlackClock "0:00:00"]

1. e4 e6 2. Nf3 d5 3. Nc3 Nf6 4. e5 Nfd7 5. d4 c5 6. dxc5 Nc6 7. Bf4 Bxc5 8. Bd3 f6 9. exf6 Qxf6 10. Bg5 Qf7 11. O-O O-O 12. Bh4 h6 13. Bg3 Nb4 14. Nb5 Nxd3 15. Qxd3 e5 16. Nxe5 Nxe5 17. Bxe5 Bxf2+ 18. Kh1 Be6 19. Bd4 Bf5 20. Rxf2 Bxd3 21. Rxf7 Bxb5 22. Rxf8+ Kxf8 23. Re1 b6 24. Re5 Re8 25. Kg1 Rxe5 26. Bxe5 g6 27. Bb8 a6 28. Bc7 Bc4 29. b3 Be2 30. Bxb6 Bd1 31. c3 Bc2 32. Kf2 Ke7 33. Ke3 Ke6 34. Kd4 Bb1 35. a3 Ba2 36. b4 Bc4 37. Bc7 Bb5 38. Kc5 h5 39. h4 Ba4 40. g3 Bb5 41. Kb6 Kf5 42. Bf4 Ke6 43. Kc5 Ba4 44. Kb6 Bb5 45. a4 Bxa4 46. Kxa6 Kd7 47. b5 Kc8 48. b6 Bc6 49. Ka5 Kb7 50. Bc7 Bd7 51. Kb4 Bg4 52. Kc5 Bf3 53. Kd6 Be4 54. Ke5 Kc6 55. Kf6 Kd7 56. Ke5 Kc6 57. Kd4 Bf3 58. Ke5 Bg2 59. Kf6 Be4 60. Bd8 Kb7 61. Ke5 Bf3 62. Kd4 Kc6 63. Bc7 Kb7 64. Kc5 Be4 65. Kd4 Bf3 66. Ke5 Bg2 67. Kf4 Be4 68. g4 hxg4 69. Kxg4 Bf5+ 70. Kf4 Bd3 71. Ke5 Be4 72. c4 Bf3 73. cxd5 Bg4 74. Kd6 Kc8 75. Ke7 Bd7 76. d6 Bf5 77. Kf6 Be4 78. Kg5 Bd3 79. Kf6 Be4 80. Ke7 1-0

[Event "December 12 Early 2023"]
[Site "https://www.chess.com"]
[Date "2023.12.12"]
[Round "8"]
[White "La Villa Rivas, Marlon Javier"]
[Black "Shinkarev, M"]
[Result "1/2-1/2"]
[Board "128"]
[TimeControl "180+1"]
[WhiteFideId "3519546"]
[BlackFideId "4145348"]
[WhiteElo "2348"]
[BlackElo "2481"]
[WhiteTeam "CUB"]
[BlackTeam "RUS"]
[WhiteClock "0:00:37"]
[BlackClock "0:00:04"]

1. e4 e5 2. Nf3 d6 3. d4 Nd7 4. Nc3 c6 5. Be2 Ngf6 6. h3 b5 7. a3 Be7 8. Be3 a5 9. d5 cxd5 10. Nxd5 Nxe4 11. Bxb5 O-O 12. Nxe7+ Qxe7 13. Qd5 Ndf6 14. Qxa8 Bxh3 15. Qa7 Qxa7 16. Bxa7 Bxg2 17. Ke2 Bxh1 18. Rxh1 Ra8 19. Be3 Rb8 20. a4 h6 21. Rd1 g5 22. Ba7 Rb7 23. Be3 Kh7 24. Nd2 Nxd2 25. Rxd2 d5 26. Bc5 d4 27. f3 h5 28. Bd6 Rb6 29. Bc7 Re6 30. Bxa5 g4 31. Kf2 e4 32. Rxd4 exf3 33. Bd3+ Kg7 34. Bc3 Kf8 35. Rd8+ Ke7 36. Rb8 Ne4+ 37. Bxe4 Rxe4 38. a5 Re2+ 39. Kf1 g3 40. Rg8 g2+ 41. Kg1 Rxc2 42. Be1 Rxb2 43. a6 Ra2 44. Rg3 Ra1 45. Kf2 Rxa6 46. Rxf3 Rf6 47. Rxf6 Kxf6 48. Kxg2 Kf5 49. Kg3 Ke4 50. Bd2 Kd3 51. Bg5 Ke4 52. Bd2 Kd3 53. Bg5 f5 54. Kf4 Ke2 55. Bh4 Kf1 56. Kxf5 Kg2 57. Kg5 Kh3 58. Kxh5 1/2-1/2

[Event "December 12 Early 2023"]
[Site "https://www.chess.com"]
[Date "2023.12.12"]
[Round "8"]
[White "Baches Garcia, Guillermo"]
[Black "Barath1308"]
[Result "0-1"]
[Board "129"]
[TimeControl "180+1"]
[WhiteFideId "2209764"]
[WhiteElo "2477"]
[BlackElo "2372"]
[WhiteTeam "ESP"]
[WhiteClock "0:00:00"]
[BlackClock "0:02:18"]

1. d4 Nf6 2. Nf3 g6 3. Bg5 Bg7 4. Nbd2 O-O 5. e3 d6 6. Be2 c5 7. c3 b6 8. O-O Bb7 9. h3 Nbd7 10. b4 cxb4 11. cxb4 Rc8 12. Qb3 Rc7 13. Rac1 Rxc1 14. Rxc1 Qa8 15. a4 Rc8 16. Rxc8+ Qxc8 17. Qc4 Qxc4 18. Bxc4 h6 19. Bf4 Nd5 20. b5 Nxf4 21. exf4 e6 22. Kf1 Nf6 23. Ke2 Ne4 24. Nxe4 Bxe4 25. Ke3 Bc2 26. d5 exd5 27. Bxd5 Bxa4 28. Bc6 a6 0-1

[Event "December 12 Early 2023"]
[Site "https://www.chess.com"]
[Date "2023.12.12"]
[Round "8"]
[White "Turzo, Attila"]
[Black "Luukkonen, Tommi"]
[Result "1-0"]
[Board "130"]
[TimeControl "180+1"]
[WhiteFideId "704954"]
[BlackFideId "501808"]
[WhiteElo "2471"]
[BlackElo "2330"]
[WhiteTeam "HUN"]
[BlackTeam "FIN"]
[WhiteClock "0:00:09"]
[BlackClock "0:00:00"]

1. d4 Nf6 2. Bf4 g6 3. Nf3 Bg7 4. c3 d6 5. Nbd2 O-O 6. e4 Nh5 7. Be3 Nc6 8. Be2 e5 9. dxe5 dxe5 10. O-O Nf4 11. Re1 Qe7 12. Bf1 Rd8 13. Qc2 a5 14. a4 Be6 15. h3 Qf6 16. Kh2 h5 17. g3 g5 18. gxf4 exf4 19. Bd4 Qh6 20. Bxg7 Kxg7 21. h4 f6 22. e5 g4 23. exf6+ Kxf6 24. Ng5 Bf5 25. Qb3 g3+ 26. Kh1 Qf8 27. Nde4+ Kg7 28. fxg3 f3 29. Nc5 Kh8 30. Nce6 Qg8 31. Bh3 Bxh3 32. Nxh3 Qxg3 33. Nef4 Rd2 34. Ng6+ Qxg6 35. Ng5 Qf5 36. Qe6 Qf4 37. Qh6+ Kg8 38. Qg6+ 1-0

[Event "December 12 Early 2023"]
[Site "https://www.chess.com"]
[Date "2023.12.12"]
[Round "8"]
[White "Liu, Casper"]
[Black "Jakubowska, Anna"]
[Result "0-1"]
[Board "131"]
[TimeControl "180+1"]
[WhiteFideId "1454153"]
[BlackFideId "1121952"]
[WhiteElo "2447"]
[BlackElo "2342"]
[WhiteTeam "DEN"]
[BlackTeam "POL"]
[WhiteClock "0:00:15"]
[BlackClock "0:00:42"]

1. f4 d5 2. Nf3 Nf6 3. e3 Bg4 4. g3 e6 5. Bg2 h5 6. h3 Bxf3 7. Qxf3 Bd6 8. b3 Qe7 9. Bb2 Nbd7 10. d3 e5 11. fxe5 Nxe5 12. Qe2 Ng6 13. Nd2 Bxg3+ 14. Kd1 O-O-O 15. Rf1 Be5 16. d4 Bd6 17. c4 Ba3 18. Bxa3 Qxa3 19. Kc2 Rhe8 20. c5 Ne7 21. Nb1 Qa5 22. a3 Nc6 23. Qf2 Nb4+ 24. Kc3 Ne4+ 25. Bxe4 dxe4 26. Qf5+ Kb8 27. Kb2 Nd5 28. Qxf7 Nxe3 29. Rf2 Nd1+ 30. Kc2 Nxf2 31. Qxf2 e3 32. Qe2 Rxd4 33. b4 Qa4+ 34. Kc1 Qb3 35. Ra2 Rc4+ 36. Rc2 Rxc2+ 37. Qxc2 Qxc2+ 38. Kxc2 e2 0-1

[Event "December 12 Early 2023"]
[Site "https://www.chess.com"]
[Date "2023.12.12"]
[Round "8"]
[White "Vincenti, Leonardo"]
[Black "Aalto, Patrik"]
[Result "0-1"]
[Board "132"]
[TimeControl "180+1"]
[WhiteFideId "28550820"]
[BlackFideId "510726"]
[WhiteElo "2237"]
[BlackElo "2443"]
[WhiteTeam "ITA"]
[BlackTeam "FIN"]
[WhiteClock "0:00:49"]
[BlackClock "0:01:44"]

1. e4 c5 2. Nf3 Nc6 3. d4 cxd4 4. Nxd4 Nf6 5. Nc3 d6 6. Bb5 Bd7 7. O-O g6 8. Be3 Bg7 9. f3 O-O 10. Qd2 a6 11. Bxc6 bxc6 12. Rad1 c5 13. Nb3 Qc7 14. Nd5 Nxd5 15. Qxd5 Bxb2 16. Nxc5 Bc6 17. Qb3 Rfb8 18. Nxa6 Rxa6 19. Qc4 Ra4 20. Qd3 Bb5 21. Qb3 Bg7 22. Rb1 Raa8 23. Rfc1 Bc4 24. Bb6 Bd4+ 25. Bxd4 Bxb3 26. cxb3 Qd7 27. a4 Rc8 28. a5 Rxc1+ 29. Rxc1 Rxa5 30. b4 Rb5 31. Bc3 f6 32. Ra1 Qb7 33. Kf2 Rxb4 34. Bxb4 Qxb4 35. Ra8+ Kg7 36. Ra2 Qd4+ 37. Kg3 Qe3 38. h3 h5 39. Kh2 h4 40. Rc2 g5 41. Kh1 Kf7 42. Kh2 Ke6 43. Kh1 Ke5 44. Kh2 e6 45. Ra2 d5 46. exd5 exd5 47. g3 Qxf3 48. gxh4 gxh4 49. Rd2 Qf4+ 50. Kh1 Qxd2 51. Kg1 Kf4 52. Kh1 Kg3 0-1

[Event "December 12 Early 2023"]
[Site "https://www.chess.com"]
[Date "2023.12.12"]
[Round "8"]
[White "Tuleyeva-Aketayeva, Dana"]
[Black "Begunov, Konstantin"]
[Result "1-0"]
[Board "133"]
[TimeControl "180+1"]
[WhiteFideId "13701932"]
[BlackFideId "4118510"]
[WhiteElo "2315"]
[BlackElo "2419"]
[WhiteTeam "KAZ"]
[BlackTeam "RUS"]
[WhiteClock "0:00:54"]
[BlackClock "0:00:05"]

1. d4 d5 2. Nf3 c6 3. g3 Bg4 4. Bg2 Nd7 5. O-O e6 6. c4 Bd6 7. Nc3 Qe7 8. Nd2 Ngf6 9. Qb3 Rb8 10. e4 dxe4 11. Ndxe4 Nxe4 12. Nxe4 Bc7 13. Bg5 Nf6 14. Nxf6+ gxf6 15. Bh6 Bb6 16. a4 Qc7 17. a5 Bxa5 18. Qa4 Be2 19. Rfc1 b5 20. Qxa5 Qxa5 21. Rxa5 bxc4 22. Bxc6+ Kd8 23. Rxa7 Rg8 24. Bf4 Rxb2 25. Ra8+ Ke7 26. Rxg8 1-0

[Event "December 12 Early 2023"]
[Site "https://www.chess.com"]
[Date "2023.12.12"]
[Round "8"]
[White "Pertinez Soria, Juan Luis"]
[Black "Skaric, Djuro"]
[Result "1-0"]
[Board "134"]
[TimeControl "180+1"]
[WhiteFideId "2225620"]
[BlackFideId "934569"]
[WhiteElo "2213"]
[BlackElo "2403"]
[WhiteTeam "ESP"]
[BlackTeam "SRB"]
[WhiteClock "0:00:44"]
[BlackClock "0:00:16"]

1. e4 d6 2. d4 g6 3. Nc3 Bg7 4. Be3 Nf6 5. f3 O-O 6. Qd2 Nc6 7. O-O-O e5 8. Nge2 Nh5 9. d5 Ne7 10. g4 Nf4 11. Nxf4 exf4 12. Bxf4 f5 13. gxf5 gxf5 14. Rg1 Ng6 15. Bg5 Qe8 16. Bd3 Kh8 17. h4 f4 18. h5 Ne5 19. Rdf1 Qxh5 20. Be2 Ng6 21. Bd1 Bh3 22. Rf2 h6 23. Rh2 hxg5 24. Rgh1 Nh4 25. Rxh3 Be5 26. Ne2 Kg7 27. Nd4 Kf6 28. Nf5 Rh8 29. Qb4 Qf7 30. Qe1 Kg6 31. Nxh4+ gxh4 32. Rxh4 Rxh4 33. Qxh4 Bf6 34. Rg1+ 1-0

[Event "December 12 Early 2023"]
[Site "https://www.chess.com"]
[Date "2023.12.12"]
[Round "8"]
[White "Quirke, Jeffrey"]
[Black "Rosenberg, Evan S"]
[Result "1-0"]
[Board "135"]
[TimeControl "180+1"]
[WhiteFideId "2013029"]
[BlackFideId "2019299"]
[WhiteElo "2170"]
[BlackElo "2392"]
[WhiteTeam "USA"]
[BlackTeam "USA"]
[WhiteClock "0:00:06"]
[BlackClock "0:00:05"]

1. e4 e5 2. Nf3 Nc6 3. d3 Nf6 4. Nbd2 Bc5 5. Be2 O-O 6. O-O d5 7. c3 a5 8. a4 Re8 9. Nb3 Bb6 10. Nfd2 Be6 11. exd5 Nxd5 12. Nc4 Ba7 13. Nbxa5 Nxa5 14. Nxa5 Bxf2+ 15. Rxf2 Rxa5 16. Bf3 c6 17. Qe1 f6 18. b4 Ra8 19. c4 Nb6 20. Qd1 Bf7 21. Be3 Nc8 22. a5 Nd6 23. Bb6 Qd7 24. Bg4 Be6 25. Bxe6+ Qxe6 26. Qf1 e4 27. Re1 f5 28. c5 Nb5 29. Rxf5 e3 30. Rf3 e2 31. Qf2 Nc3 32. Qd4 Nd5 33. Rf2 Re7 34. Rfxe2 Qxe2 35. Rxe2 Rxe2 36. h3 Rae8 37. b5 Re1+ 38. Kh2 Rf8 39. bxc6 bxc6 40. a6 Rff1 41. a7 Rh1+ 42. Kg3 Ra1 43. Qe5 h6 44. Qb8+ Kh7 45. a8=Q Rxa8 46. Qxa8 Nf6 47. Qxc6 Rd1 48. Qd6 h5 49. Kf3 Kg6 50. c6 Kf7 51. c7 Rc1 52. Bc5 g5 53. Qe7+ Kg6 54. c8=Q g4+ 55. Ke3 Nd5+ 56. Kd4 Nxe7 57. Qe6+ Kg5 58. Qxe7+ Kf4 59. hxg4 Rh1 60. Bd6+ Kxg4 61. Qe6+ Kg5 62. Qe5+ Kg6 63. Qe4+ Kf7 64. g4 Rh4 65. gxh5 Rxe4+ 66. dxe4 Ke6 67. e5 Kf7 68. h6 Kg8 69. e6 Kh7 70. e7 Kxh6 71. e8=Q Kg7 72. Qe7+ Kg6 73. Qe6+ Kg5 74. Be7+ Kh5 75. Qg8 Kh6 76. Bb4 Kh5 77. Ke5 Kh4 78. Kf4 Kh5 79. Qg5# 1-0

[Event "December 12 Early 2023"]
[Site "https://www.chess.com"]
[Date "2023.12.12"]
[Round "8"]
[White "Marcziter, Dmitrii"]
[Black "ArrestingPieces"]
[Result "0-1"]
[Board "136"]
[TimeControl "180+1"]
[WhiteFideId "13900765"]
[WhiteElo "2308"]
[BlackElo "2494"]
[WhiteTeam "GER"]
[WhiteClock "0:00:00"]
[BlackClock "0:01:24"]

1. e4 e5 2. Nf3 Nc6 3. Bc4 Bc5 4. c3 Nf6 5. d4 exd4 6. b4 Bb6 7. e5 d5 8. exf6 dxc4 9. Qe2+ Be6 10. b5 d3 11. Qe4 Nb4 12. cxb4 Qxf6 13. O-O Qxa1 14. Bd2 Qf6 15. Bc3 Qg6 16. Qxb7 O-O 17. Nbd2 Rad8 18. Ne5 Qf5 19. Nc6 Rde8 20. Nd4 Bxd4 21. Bxd4 Bd5 22. Qxc7 Qg4 23. Qg3 Qxd4 24. a4 c3 25. Nf3 Bxf3 26. Qxf3 d2 27. Qd1 Rc8 28. Qc2 Rfe8 0-1

[Event "December 12 Early 2023"]
[Site "https://www.chess.com"]
[Date "2023.12.12"]
[Round "8"]
[White "Chernomordik, Pavel"]
[Black "Fernandez Siles, Luis"]
[Result "1-0"]
[Board "137"]
[TimeControl "180+1"]
[WhiteFideId "2804530"]
[BlackFideId "2209420"]
[WhiteElo "2472"]
[BlackElo "2301"]
[WhiteTeam "ISR"]
[BlackTeam "ESP"]
[WhiteClock "0:01:07"]
[BlackClock "0:00:15"]

1. e4 c5 2. Nc3 Nc6 3. Bb5 Nd4 4. Bc4 g6 5. Nge2 Bg7 6. Nxd4 cxd4 7. Qf3 Nh6 8. Ne2 O-O 9. h3 e6 10. g4 f5 11. exf5 gxf5 12. Qg2 d5 13. Bb3 Kh8 14. d3 Ng8 15. g5 Bd7 16. h4 Bc6 17. Nf4 e5 18. Ne6 Qd6 19. Nxf8 Rxf8 20. h5 e4 21. Rh4 Be5 22. Bd2 b6 23. O-O-O a5 24. a3 Ne7 25. Rg1 Rg8 26. f4 Bg7 27. Qh3 a4 28. Bb4 Qd7 29. Ba2 Rf8 30. h6 1-0

[Event "December 12 Early 2023"]
[Site "https://www.chess.com"]
[Date "2023.12.12"]
[Round "8"]
[White "Filippova, Margarita"]
[Black "Spichkin, Alexander"]
[Result "1-0"]
[Board "138"]
[TimeControl "180+1"]
[WhiteFideId "34199680"]
[BlackFideId "4144074"]
[WhiteElo "2311"]
[BlackElo "2471"]
[WhiteTeam "RUS"]
[BlackTeam "RUS"]
[WhiteClock "0:00:15"]
[BlackClock "0:01:25"]

1. e4 e5 2. Nf3 d5 3. d4 dxe4 4. Nxe5 Bd6 5. Nc4 Nf6 6. h3 Nc6 7. Nxd6+ Qxd6 8. c3 Bd7 9. Be2 O-O-O 10. a4 Nd5 11. a5 a6 12. Na3 f5 13. Nc4 Qg6 14. g3 Rhf8 15. Be3 f4 16. gxf4 Nxf4 17. Kd2 Ne7 18. Ne5 Qg2 19. Rg1 Qh2 20. Rxg7 Nxe2 21. Qxe2 Bb5 22. Qg4+ Nf5 23. Rg1 Qxe5 24. Rg5 Kb8 25. Kc1 Nxe3 26. fxe3 Qh2 27. Qxe4 Rf2 28. R5g2 Rxg2 29. Qxg2 Qd6 30. Qg3 Qe6 31. Qg5 Re8 32. Rg3 Qb3 33. Qh5 Rf8 34. Rf3 Rg8 35. Rf1 Rg2 36. Rf8+ Ka7 37. Qc5+ b6 38. Qxc7# 1-0

[Event "December 12 Early 2023"]
[Site "https://www.chess.com"]
[Date "2023.12.12"]
[Round "8"]
[White "Cardozo Munar, Carlos Eduardo"]
[Black "Latorre, Vincent"]
[Result "1-0"]
[Board "139"]
[TimeControl "180+1"]
[WhiteFideId "4409477"]
[BlackFideId "2636891"]
[WhiteElo "2270"]
[BlackElo "2411"]
[WhiteTeam "COL"]
[BlackTeam "CAN"]
[WhiteClock "0:01:00"]
[BlackClock "0:00:00"]

1. g3 e5 2. Bg2 d5 3. b4 Nf6 4. a3 Bd6 5. Bb2 O-O 6. Nf3 Re8 7. O-O a5 8. b5 c5 9. bxc6 Nxc6 10. d3 Bg4 11. Nbd2 e4 12. dxe4 dxe4 13. Nd4 e3 14. Nxc6 exf2+ 15. Kh1 bxc6 16. Rxf2 Bc5 17. Rxf6 gxf6 18. Nf3 Qxd1+ 19. Rxd1 Rxe2 20. Bxf6 Rae8 21. Bc3 Rxg2 22. Kxg2 Re2+ 23. Kf1 Bxf3 24. Rd8+ Bf8 25. Bxa5 Re4 26. Bb4 Rxb4 27. axb4 Kg7 28. Rb8 Bd5 29. b5 cxb5 30. Ke1 Bc4 31. Kd2 Bb4+ 32. Ke3 Kf6 33. Rb6+ Kg5 34. h4+ Kg4 35. Rh6 Kxg3 36. Rxh7 f5 37. h5 f4+ 38. Kd4 f3 39. h6 f2 40. Rg7+ Kf3 41. h7 1-0

[Event "December 12 Early 2023"]
[Site "https://www.chess.com"]
[Date "2023.12.12"]
[Round "8"]
[White "Adelman, Charles"]
[Black "Kolmagorov, Alexey"]
[Result "1/2-1/2"]
[Board "140"]
[TimeControl "180+1"]
[WhiteFideId "2003597"]
[BlackFideId "34129402"]
[WhiteElo "2265"]
[BlackElo "2363"]
[WhiteTeam "USA"]
[BlackTeam "RUS"]
[WhiteClock "0:00:21"]
[BlackClock "0:00:07"]

1. Nf3 Nf6 2. c4 e6 3. g3 d5 4. b3 c5 5. cxd5 exd5 6. d4 Nc6 7. Bg2 cxd4 8. Nxd4 Bb4+ 9. Kf1 O-O 10. Bb2 Re8 11. Nc3 Bg4 12. f3 Be6 13. a3 Bc5 14. Na4 Bd6 15. Kf2 a6 16. Re1 Nxd4 17. Bxd4 b5 18. Nc5 Qe7 19. b4 Nd7 20. Rc1 a5 21. Qd2 axb4 22. axb4 Be5 23. Qb2 Bxd4+ 24. Qxd4 Nb6 25. Red1 Ra2 26. Rd2 Rxd2 27. Qxd2 Nc4 28. Qd3 h5 29. Ra1 Qf6 30. Ra6 h4 31. Bh3 hxg3+ 32. hxg3 Qh6 33. Bxe6 Qh2+ 34. Kf1 fxe6 35. Qd4 Qh1+ 36. Kf2 Qh2+ 37. Kf1 Qh3+ 38. Kf2 Qh2+ 39. Kf1 1/2-1/2

[Event "December 12 Early 2023"]
[Site "https://www.chess.com"]
[Date "2023.12.12"]
[Round "8"]
[White "Gutkin, Ilya"]
[Black "Clawitter, Craig"]
[Result "0-1"]
[Board "141"]
[TimeControl "180+1"]
[WhiteFideId "16203470"]
[BlackFideId "2023105"]
[WhiteElo "2359"]
[BlackElo "2233"]
[WhiteTeam "GER"]
[BlackTeam "USA"]
[WhiteClock "0:00:27"]
[BlackClock "0:00:06"]

1. e4 e6 2. d4 d5 3. Nc3 Bb4 4. e5 c5 5. a3 Bxc3+ 6. bxc3 Ne7 7. Qg4 Qc7 8. Qxg7 Rg8 9. Qxh7 cxd4 10. Ne2 Nbc6 11. Qd3 dxc3 12. Qxc3 Qxe5 13. Qxe5 Nxe5 14. Bb2 f6 15. f3 Kf7 16. Kf2 Nc4 17. Bc3 e5 18. g4 Be6 19. Ng3 Rac8 20. Bd3 d4 21. Bb4 Nd5 22. Ne4 Nde3 23. Rhb1 b6 24. a4 Rgd8 25. Ra2 a5 26. Be1 Nd6 27. Rab2 Nxe4+ 28. Bxe4 Nc4 29. Rb5 Nd6 30. Rxb6 Nxe4+ 31. fxe4 Rxc2+ 32. Kg1 d3 33. Bxa5 d2 34. Rb7+ Kg6 35. Bxd8 Rc1+ 36. Kf2 d1=Q 37. Rxc1 Qxc1 38. Bb6 Qf4+ 39. Kg1 Qxg4+ 40. Kf2 Qf4+ 41. Kg1 Qxe4 42. Re7 Bd5 43. Kf2 Qf3+ 44. Ke1 Qc3+ 45. Kf2 Qb2+ 0-1